| TOP OF THE 1ST |
|
El Paso Chihuahuas batting - Pitching for Sacramento River Cats : RHP John Delaney
|
|
Pitching: RHP John Delaney
|
|
|
Batting: RHB Dave McBain
|
0-0: Ball 1-0: Ball 2-0: Foul Ball, location: 2F 2-1: Ball 3-1: Foul Ball, location: 2F 3-2: Strikes out looking
|
|
Batting: LHB Carlos Cuellar
|
0-0: Foul Ball, location: 2F 0-1: Swinging Strike 0-2: Foul Ball, location: 2F 0-2: Strikes out swinging
|
|
Batting: RHB Mike Hayward
|
0-0: Ball 1-0: Ball 2-0: Ball 3-0: Base on Balls
|
|
Batting: RHB Jeff Brower
|
0-0: Called Strike 0-1: Foul Ball, location: 2F 0-2: Foul Ball, location: 2F 0-2: Ball 1-2: Strikes out swinging
|
| Top of the 1st over - 0 runs, 0 hits, 0 errors, 1 left on base; El Paso 0 - Sacramento 0 |
| BOTTOM OF THE 1ST |
|
Sacramento River Cats batting - Pitching for El Paso Chihuahuas : RHP Justin Jones
|
|
Pitching: RHP Justin Jones
|
|
|
Batting: SHB Carlos Rodriguez
|
0-0: Ball 1-0: Called Strike 1-1: Ball 2-1: Ball 3-1: Base on Balls
|
|
Batting: RHB Sterling Acosta
|
0-0: Grounds into double play, 4-6-3 (Groundball, 4, EV 78.1 MPH)
|
|
Batting: RHB Brian Rogers
|
0-0: Ball 1-0: Ball 2-0: SINGLE (Groundball, 56, EV 105.6 MPH)
|
|
Batting: LHB Pauli Gassinger
|
0-0: Called Strike Brian Rogers steals 2nd base 0-1: Ground out 6-3 (Groundball, 4MS, EV 80.0 MPH)
|
| Bottom of the 1st over - 0 runs, 1 hit, 0 errors, 1 left on base; El Paso 0 - Sacramento 0 |
| TOP OF THE 2ND |
|
El Paso Chihuahuas batting - Pitching for Sacramento River Cats : RHP John Delaney
|
|
Batting: LHB Hugo MacBeth
|
0-0: Foul Ball, location: 2F 0-1: Foul Ball, location: 2F 0-2: Strikes out looking
|
|
Batting: LHB Angel Mejia
|
0-0: Ball 1-0: Called Strike 1-1: Swinging Strike 1-2: Foul Ball, location: 2F 1-2: Ball 2-2: Strikes out swinging
|
|
Batting: RHB Jerry Escamilla
|
0-0: Ball 1-0: Foul Ball, location: 2F 1-1: Swinging Strike 1-2: SINGLE (Line Drive, 89M, EV 104.4 MPH)
|
|
Batting: SHB Adam Martin
|
0-0: Ball 1-0: Ground out 4-3 (Groundball, 4, EV 78.1 MPH)
|
| Top of the 2nd over - 0 runs, 1 hit, 0 errors, 1 left on base; El Paso 0 - Sacramento 0 |
| BOTTOM OF THE 2ND |
|
Sacramento River Cats batting - Pitching for El Paso Chihuahuas : RHP Justin Jones
|
|
Batting: RHB Justin Bonner
|
0-0: Ball 1-0: Swinging Strike 1-1: Fly out, F9 (Flyball, 9, EV 84.4 MPH)
|
|
Batting: RHB Tyler Mapes
|
0-0: Foul Ball, location: 2F 0-1: Foul Ball, location: 2F 0-2: Foul Ball, location: 2F 0-2: Ball 1-2: Ball 2-2: Ball 3-2: Foul Ball, location: 2F 3-2: Foul Ball, location: 2F 3-2: SINGLE (Line Drive, 3D, EV 103.1 MPH)
|
|
Batting: RHB Jose Rivera
|
0-0: Called Strike 0-1: Foul Ball, location: 2F 0-2: Ball 1-2: SINGLE (Groundball, 4M, EV 81.9 MPH) (infield hit) Tyler Mapes to second
|
|
Batting: LHB Franklin Quezada
|
0-0: Grounds into double play, 6-4-3 (Groundball, 6S, EV 78.8 MPH)
|
| Bottom of the 2nd over - 0 runs, 2 hits, 0 errors, 1 left on base; El Paso 0 - Sacramento 0 |
| TOP OF THE 3RD |
|
El Paso Chihuahuas batting - Pitching for Sacramento River Cats : RHP John Delaney
|
|
Batting: SHB Harrison McLaughlin
|
0-0: Swinging Strike 0-1: Called Strike 0-2: Ball 1-2: Fly out, F7 (Flyball, 7, EV 89.4 MPH)
|
|
Batting: RHB Dave McBain
|
0-0: SINGLE (Groundball, 56, EV 98.1 MPH)
|
|
Batting: LHB Carlos Cuellar
|
0-0: Foul Ball, location: 2F 0-1: Ball Dave McBain steals 2nd base 1-1: Foul Ball, location: 2F 1-2: Foul Ball, location: 2F 1-2: DOUBLE (Line Drive, 89XD, EV 101.9 MPH) Dave McBain scores
|
|
Batting: RHB Mike Hayward
|
0-0: Ball 1-0: Called Strike 1-1: Ground out 4-3 (Groundball, 4S, EV 82.5 MPH) Carlos Cuellar to third
|
|
Batting: RHB Jeff Brower
|
0-0: Ball 1-0: Foul Ball, location: 2F 1-1: Called Strike 1-2: Ball 2-2: Ball 3-2: Ground out 5-3 (Groundball, 56, EV 88.8 MPH)
|
| Top of the 3rd over - 1 run, 2 hits, 0 errors, 1 left on base; El Paso 1 - Sacramento 0 |
| BOTTOM OF THE 3RD |
|
Sacramento River Cats batting - Pitching for El Paso Chihuahuas : RHP Justin Jones
|
|
Batting: RHB Carlos Talavera
|
0-0: Ball 1-0: Swinging Strike 1-1: SINGLE (Groundball, 3D, EV 110.0 MPH)
|
|
Batting: SHB Carlos Rodriguez
|
0-0: Called Strike 0-1: Foul Ball, location: 2F 0-2: Strikes out swinging
|
|
Batting: RHB Sterling Acosta
|
0-0: SINGLE (Groundball, 4MD, EV 103.8 MPH) Carlos Talavera to second Runner from 2nd tries for 3rd, SAFE, throw by CF made to third
|
|
Batting: RHB Brian Rogers
|
0-0: Called Strike Sterling Acosta is caught stealing 2nd base 2-4 0-1: Foul Ball, location: 2F 0-2: Ball 1-2: Strikes out looking
|
| Bottom of the 3rd over - 0 runs, 2 hits, 0 errors, 1 left on base; El Paso 1 - Sacramento 0 |
| TOP OF THE 4TH |
|
El Paso Chihuahuas batting - Pitching for Sacramento River Cats : RHP John Delaney
|
|
Batting: LHB Hugo MacBeth
|
0-0: Ball 1-0: Called Strike 1-1: Called Strike 1-2: Ground out 6-3 (Groundball, 56, EV 102.5 MPH)
|
|
Batting: LHB Angel Mejia
|
0-0: SINGLE (Groundball, 56D, EV 102.5 MPH)
|
|
Batting: RHB Jerry Escamilla
|
0-0: Ball Angel Mejia is caught stealing 2nd base 2-4 1-0: Ball 2-0: Fly out, F8 (Flyball, 8RM, EV 85.6 MPH)
|
| Top of the 4th over - 0 runs, 1 hit, 0 errors, 0 left on base; El Paso 1 - Sacramento 0 |
| BOTTOM OF THE 4TH |
|
Sacramento River Cats batting - Pitching for El Paso Chihuahuas : RHP Justin Jones
|
|
Batting: LHB Pauli Gassinger
|
0-0: Called Strike 0-1: Foul Ball, location: 2F 0-2: Ball 1-2: Ground out 6-3 (Groundball, 6, EV 80.0 MPH)
|
|
Batting: RHB Justin Bonner
|
0-0: Called Strike 0-1: Foul Ball, location: 2F 0-2: Strikes out swinging
|
|
Batting: RHB Tyler Mapes
|
0-0: Called Strike 0-1: SINGLE (Groundball, 34D, EV 108.1 MPH)
|
|
Batting: RHB Jose Rivera
|
0-0: Ball 1-0: Ball Tyler Mapes steals 2nd base 2-0: Foul Ball, location: 2F 2-1: SINGLE (Groundball, 56D, EV 103.1 MPH) Tyler Mapes to third Runner from 3rd tries for Home, SAFE, throw by LF to home
|
|
Batting: LHB Franklin Quezada
|
0-0: Called Strike 0-1: Ball 1-1: Foul Ball, location: 2F 1-2: Fielders Choice at 2nd, 6-4 (Groundball, 6, EV 87.5 MPH)
|
| Bottom of the 4th over - 1 run, 2 hits, 0 errors, 1 left on base; El Paso 1 - Sacramento 1 |
| TOP OF THE 5TH |
|
El Paso Chihuahuas batting - Pitching for Sacramento River Cats : RHP John Delaney
|
|
Batting: SHB Adam Martin
|
0-0: SINGLE (Line Drive, 4D, EV 105.0 MPH)
|
|
Batting: SHB Harrison McLaughlin
|
0-0: Ball 1-0: Ball 2-0: Foul Ball, location: 2F 2-1: Called Strike 2-2: Ball 3-2: Base on Balls Adam Martin to second
|
|
Batting: RHB Dave McBain
|
0-0: Ground out 6-3 (Groundball, 6S, EV 70.0 MPH) Adam Martin to third Harrison McLaughlin to second
|
|
Batting: LHB Carlos Cuellar
|
0-0: Ball 1-0: Ball 2-0: Foul Ball, location: 2F 2-1: Fly out, F9 (Flyball, 9, EV 95.6 MPH)
|
|
Batting: RHB Mike Hayward
|
0-0: Called Strike 0-1: Foul Ball, location: 2F 0-2: Ball 1-2: Ball 2-2: Foul Ball, location: 2F 2-2: Foul Ball, location: 2F 2-2: Ground out 4-3 (Groundball, 4M, EV 78.1 MPH)
|
| Top of the 5th over - 0 runs, 1 hit, 0 errors, 2 left on base; El Paso 1 - Sacramento 1 |
| BOTTOM OF THE 5TH |
|
Sacramento River Cats batting - Pitching for El Paso Chihuahuas : RHP Justin Jones
|
|
Batting: RHB Carlos Talavera
|
0-0: Ball 1-0: Called Strike 1-1: Ball 2-1: Ball 3-1: Hit by Pitch
|
|
Batting: SHB Carlos Rodriguez
|
0-0: Foul Ball, location: 2F 0-1: Ball 1-1: Ball 2-1: Swinging Strike 2-2: Ball 3-2: Fly out, F8 (Line Drive, 78M, EV 92.5 MPH)
|
|
Batting: RHB Sterling Acosta
|
0-0: Called Strike 0-1: Ball 1-1: SINGLE (Line Drive, 9LS, EV 92.5 MPH) Carlos Talavera to second Runner from 2nd tries for 3rd, SAFE, throw by RF made to third
|
|
Batting: RHB Brian Rogers
|
0-0: Foul Ball, location: 2F 0-1: Ball 1-1: Swinging Strike 1-2: Strikes out swinging
|
|
Batting: LHB Pauli Gassinger
|
0-0: Ball 1-0: Fly out, F6 (Line Drive, 6, EV 71.9 MPH)
|
| Bottom of the 5th over - 0 runs, 1 hit, 0 errors, 2 left on base; El Paso 1 - Sacramento 1 |
| TOP OF THE 6TH |
|
El Paso Chihuahuas batting - Pitching for Sacramento River Cats : RHP John Delaney
|
|
Batting: RHB Jeff Brower
|
0-0: Ball 1-0: Ball 2-0: Foul Ball, location: 2F 2-1: Ball 3-1: Base on Balls
|
|
Batting: LHB Hugo MacBeth
|
0-0: Foul Ball, location: 2F 0-1: Ball 1-1: Foul Ball, location: 2F 1-2: Foul Ball, location: 2F 1-2: Strikes out looking
|
|
Batting: LHB Angel Mejia
|
0-0: Foul Ball, location: 2F 0-1: Ball 1-1: Ball 2-1: Swinging Strike 2-2: Ball 3-2: Base on Balls Jeff Brower to second
|
|
Pitching: LHP Jimmy Heinecke
|
|
|
Batting: RHB Jerry Escamilla
|
0-0: Ball 1-0: Ball 2-0: Called Strike 2-1: TRIPLE (Flyball, 89XD, EV 95.0 MPH) Jeff Brower scores Angel Mejia scores
|
|
Batting: SHB Adam Martin
|
0-0: Ball 1-0: Ball 2-0: Fly out, F8 (Flyball, 8LD, EV 102.5 MPH) Runner from 3rd tags up, OUT at HOME! 8-2
|
| Top of the 6th over - 2 runs, 1 hit, 0 errors, 0 left on base; El Paso 3 - Sacramento 1 |
| BOTTOM OF THE 6TH |
|
Sacramento River Cats batting - Pitching for El Paso Chihuahuas : RHP Justin Jones
|
|
Batting: RHB Justin Bonner
|
0-0: Ball 1-0: Foul Ball, location: 2F 1-1: Swinging Strike 1-2: Strikes out swinging
|
|
Batting: RHB Tyler Mapes
|
0-0: Ground out 6-3 (Groundball, 6, EV 85.0 MPH)
|
|
Batting: RHB Jose Rivera
|
0-0: Fly out, F8 (Flyball, 89D, EV 83.8 MPH)
|
| Bottom of the 6th over - 0 runs, 0 hits, 0 errors, 0 left on base; El Paso 3 - Sacramento 1 |
| TOP OF THE 7TH |
|
El Paso Chihuahuas batting - Pitching for Sacramento River Cats : LHP Jimmy Heinecke
|
|
Batting: SHB Harrison McLaughlin
|
0-0: Called Strike 0-1: Ball 1-1: Foul Ball, location: 2F 1-2: Foul Ball, location: 2F 1-2: Ball 2-2: Strikes out swinging
|
|
Batting: RHB Dave McBain
|
0-0: Called Strike 0-1: Swinging Strike 0-2: Strikes out looking
|
|
Batting: LHB Carlos Cuellar
|
0-0: Foul Ball, location: 2F 0-1: Ball 1-1: Called Strike 1-2: SINGLE (Groundball, 34S, EV 73.8 MPH) (infield hit)
|
|
Batting: RHB Mike Hayward
|
0-0: Foul Ball, location: 2F 0-1: Ball 1-1: Ball 2-1: Swinging Strike 2-2: Ball 3-2: Base on Balls Carlos Cuellar to second
|
|
Batting: RHB Jeff Brower
|
0-0: Ball 1-0: Foul Ball, location: 2F 1-1: Foul Ball, location: 2F 1-2: SINGLE (Groundball, 56S, EV 76.9 MPH) (infield hit) Carlos Cuellar to third Mike Hayward to second
|
|
Batting: LHB Hugo MacBeth
|
0-0: Ball 1-0: Called Strike 1-1: Ball 2-1: Ball 3-1: Foul Ball, location: 2F 3-2: Strikes out swinging
|
| Top of the 7th over - 0 runs, 2 hits, 0 errors, 3 left on base; El Paso 3 - Sacramento 1 |
| BOTTOM OF THE 7TH |
|
Sacramento River Cats batting - Pitching for El Paso Chihuahuas : RHP Justin Jones
|
|
Batting: LHB Franklin Quezada
|
0-0: SINGLE (Groundball, 4, EV 95.0 MPH)
|
|
Batting: RHB Carlos Talavera
|
0-0: Fielders Choice at 2nd, 4-6 (Groundball, 4D, EV 103.8 MPH)
|
|
Batting: SHB Carlos Rodriguez
|
0-0: Foul Ball, location: 2F 0-1: Swinging Strike 0-2: Foul Ball, location: 2F 0-2: Ball 1-2: Foul Ball, location: 2F 1-2: Fly out, F9 (Line Drive, 89M, EV 91.9 MPH)
|
|
Batting: RHB Sterling Acosta
|
0-0: Ball 1-0: Ball 2-0: Called Strike 2-1: Called Strike 2-2: Strikes out swinging
|
| Bottom of the 7th over - 0 runs, 1 hit, 0 errors, 1 left on base; El Paso 3 - Sacramento 1 |
| TOP OF THE 8TH |
|
El Paso Chihuahuas batting - Pitching for Sacramento River Cats : LHP Jimmy Heinecke
|
|
Pitching: RHP Takashi Kino
|
|
|
Batting: LHB Angel Mejia
|
0-0: Ball 1-0: Called Strike 1-1: Ball 2-1: Fly out, F8 (Line Drive, 8RD, EV 105.0 MPH)
|
|
Batting: RHB Jerry Escamilla
|
0-0: Called Strike 0-1: Ball 1-1: Called Strike 1-2: Strikes out swinging
|
|
Batting: SHB Adam Martin
|
0-0: Ball 1-0: Called Strike 1-1: Foul Ball, location: 2F 1-2: Ball 2-2: Foul Ball, location: 2F 2-2: SOLO HOME RUN (Flyball, 89XD, EV 103.1 MPH), Distance : 442 ft
|
|
Batting: SHB Harrison McLaughlin
|
0-0: Ground out 6-3 (Groundball, 4M, EV 78.1 MPH)
|
| Top of the 8th over - 1 run, 1 hit, 0 errors, 0 left on base; El Paso 4 - Sacramento 1 |
| BOTTOM OF THE 8TH |
|
Sacramento River Cats batting - Pitching for El Paso Chihuahuas : RHP Justin Jones
|
|
Pitching: RHP Omar Torres
|
|
|
Batting: RHB Brian Rogers
|
0-0: SINGLE (Line Drive, 89S, EV 88.1 MPH)
|
|
Batting: LHB Pauli Gassinger
|
0-0: Foul Ball, location: 2F 0-1: Ball 1-1: Ball 2-1: Swinging Strike 2-2: Foul Ball, location: 2F 2-2: Ball 3-2: Foul Ball, location: 2F 3-2: Foul Ball, location: 2F 3-2: Foul Ball, location: 2F 3-2: SINGLE (Line Drive, 78M, EV 105.6 MPH) Brian Rogers to second
|
|
Pinch Hitting: LHB Dillon Gonzalez
|
0-0: Ball 1-0: Fly out, F9 (Flyball, 89M, EV 78.8 MPH)
|
|
Pinch Hitting: SHB Francisco Gutierrez
|
0-0: Ball 1-0: Fly out, F8 (Line Drive, 8LD, EV 110.6 MPH)
|
|
Pinch Hitting: LHB Mason Duffy
|
0-0: Ball 1-0: Ball 2-0: Ball 3-0: Base on Balls Brian Rogers to third Pauli Gassinger to second
|
|
Batting: LHB Franklin Quezada
|
0-0: Fielders Choice at 2nd, U4 (Groundball, 4M, EV 85.6 MPH)
|
| Bottom of the 8th over - 0 runs, 2 hits, 0 errors, 3 left on base; El Paso 4 - Sacramento 1 |
| TOP OF THE 9TH |
|
El Paso Chihuahuas batting - Pitching for Sacramento River Cats : RHP Takashi Kino
|
|
Now at 1B: Frank Pena
|
|
|
Now at 2B: Francisco Gutierrez
|
|
|
Now at 3B: Guillermo Mojica
|
|
|
Batting: RHB Dave McBain
|
0-0: Called Strike 0-1: Ball 1-1: Swinging Strike 1-2: Ball 2-2: Ground out 6-3 (Groundball, 6, EV 81.2 MPH)
|
|
Batting: LHB Carlos Cuellar
|
0-0: Ball 1-0: Foul Ball, location: 2F 1-1: Foul Ball, location: 2F 1-2: Ball 2-2: Ball 3-2: Foul Ball, location: 2F 3-2: Foul Ball, location: 2F 3-2: SINGLE (Groundball, 4M, EV 93.8 MPH)
|
|
Batting: RHB Mike Hayward
|
0-0: Fly out, F4 (Popup, 34, EV 61.9 MPH)
|
|
Batting: RHB Jeff Brower
|
0-0: Ball 1-0: Swinging Strike 1-1: Swinging Strike 1-2: Foul Ball, location: 2F 1-2: Ball 2-2: Strikes out swinging
|
| Top of the 9th over - 0 runs, 1 hit, 0 errors, 1 left on base; El Paso 4 - Sacramento 1 |
| BOTTOM OF THE 9TH |
|
Sacramento River Cats batting - Pitching for El Paso Chihuahuas : RHP Omar Torres
|
|
Pitching: RHP Jose Ramos
|
|
|
Batting: RHB Carlos Talavera
|
0-0: Called Strike 0-1: Ground out 4-3 (Groundball, 4, EV 91.9 MPH)
|
|
Batting: SHB Carlos Rodriguez
|
0-0: Ball 1-0: Called Strike 1-1: Foul Ball, location: 2F 1-2: Ball 2-2: Ball 3-2: Base on Balls
|
|
Batting: RHB Sterling Acosta
|
0-0: Ball 1-0: Called Strike 1-1: Ball 2-1: Ball 3-1: Base on Balls Carlos Rodriguez to second
|
|
Batting: RHB Brian Rogers
|
0-0: SINGLE (Line Drive, 9S, EV 100.0 MPH) Carlos Rodriguez to third Sterling Acosta to second
|
|
Pitching: RHP Frank Diaz
|
|
|
Batting: LHB Pauli Gassinger
|
0-0: Fielders Choice at 2nd, 3-6 (Groundball, 3, EV 91.9 MPH) Carlos Rodriguez scores Sterling Acosta to third
|
|
Pinch Hitting: LHB Ryan Braden
|
0-0: Ball 1-0: Fly out, F8 (Flyball, 8LD, EV 102.5 MPH)
|
| Bottom of the 9th over - 1 run, 1 hit, 0 errors, 2 left on base; El Paso 4 - Sacramento 2 |
|